 Dungeon Crawl Stone Soup version 0.31-a0-133-gaae73658be (webtiles) character file.

Game seed: 3185714820000803359

16604 Essalna the Destroyer (level 12, -1/77 HPs)
             Began as a Tengu Conjurer on June 2, 2023.
             Was an Initiate of Gozag.
             Slain by an eight-headed hydra (11 damage)
             ... on level 3 of the Lair of Beasts.
             The game lasted 00:44:08 (16200 turns).

Essalna the Destroyer (Tengu Conjurer)             Turns: 16200, Time: 00:44:09

Health: -1/77      AC:  8    Str:  8    XL:     12   Next: 39%
Magic:  9/16       EV: 19    Int: 28    God:    Gozag
Gold:   356        SH:  6    Dex: 14    Spells: 5/15 levels left

rFire   . . .        y - +1 short sword (venom)
rCold   + + .        u - +1 buckler {AC+3}
rNeg    . . .        f - +0 robe {rC+}
rPois   .            (helmet restricted)
rElec   .            (no cloak)
rCorr   .            w - +2 pair of gloves
SInv    .            (boots unavailable)
Will    .....        t - amulet of regeneration
Stlth   ++           h - ring of protection from cold
HPRegen 1.12/turn    B - +6 ring of intelligence
MPRegen 0.15/turn

%: no passive effects
@: lethally poisoned (-1 -> -2), about to teleport, flying quickly and
evasively, quick
A: beak, talons 3, nimble flight
a: Renounce Religion, Potion Petition, Call Merchant, Bribe Branch


You were on level 3 of the Lair of Beasts.
You worshipped Gozag.
Gozag was aware of your devotion.
You visited 4 branches of the dungeon, and saw 16 of its levels.
You also visited: Sewer.

You collected 1132 gold pieces.
You spent 529 gold pieces at shops.
You paid 247 gold pieces to Gozag.

Inventory:

Hand Weapons
 p - the +7 flail "Poggaer" {freeze, rElec rF- Dex+3}
   (You found it on level 3 of the Dungeon)

   Dex:       It affects your dexterity (+3).
   rF:        It makes you vulnerable to fire.
   rElec:     It insulates you from electricity.
 y - a +1 short sword of venom (weapon)
 A - a +4 flail of holy wrath
Armour
 a - a +0 robe
 e - a +0 pair of gloves
 f - a +0 robe of cold resistance (worn)
 u - a +1 buckler of protection (worn)
 w - a +2 pair of gloves (worn)
Magical Staves
 L - a staff of cold
Jewellery
 h - a ring of protection from cold (left hand)
 o - an amulet of faith
 t - an amulet of regeneration (around neck)
 v - a ring of willpower
 B - a +6 ring of intelligence (right hand)
 D - a +6 ring of strength
 G - an amulet of reflection
Wands
 m - a wand of digging (14)
 z - a wand of roots (1)
 I - a wand of mindburst (7)
Scrolls
 j - 5 scrolls of teleportation
 x - 2 scrolls of fog
 C - 3 scrolls of identify
 E - 2 scrolls of enchant armour {unknown}
 F - a scroll of silence {unknown}
 H - 2 scrolls of enchant weapon
 K - a scroll of immolation {unknown}
Potions
 b - 3 potions of magic
 c - a potion of haste
 d - 3 potions of enlightenment {unknown}
 g - 2 potions of degeneration {unknown}
 k - 3 potions of mutation {unknown}
 l - a potion of curing
 n - 2 potions of lignification
 q - a potion of attraction {unknown}
 r - 2 potions of brilliance {unknown}
 s - a potion of berserk rage {unknown}


   Skills:
 - Level 10.0 Fighting
 - Level 5.0 Armour
 - Level 10.6 Dodging
 - Level 2.0 Stealth
 - Level 4.0 Shields
 - Level 2.0 Spellcasting
 - Level 13.6 Conjurations
 + Level 8.1 Ice Magic


You had 5 spell levels left.
You knew the following spells:

 Your Spells              Type           Power      Damage    Failure   Level
a - Magic Dart            Conj           100%       1d8       1%          1
b - Searing Ray           Conj           100%       2d8       1%          2
c - Ozocubu's Refrigerat  Ice            24%        4d12      99%         7

Your spell library contained the following spells:

 Spells                   Type           Power      Damage    Failure   Level
 Static Discharge         Conj/Air       82%        2-6/arc   1%          2
 Hailstorm                Conj/Ice       59%        3d13      1%          3
 Ozocubu's Armour         Ice            48%        N/A       1%          3
 Dazzling Flash           Conj/Hex       82%        N/A       2%          3
 Flame Wave               Conj/Fire      41%        2d11      9%          4
 Fulminant Prism          Conj/Hex       20%        3d12      9%          4
 Iskenderun's Mystic Bla  Conj/Tloc      41%        2d9       9%          4
 Sticky Flame             Conj/Fire      41%        2d6       9%          4
 Slow                     Hex            8%         N/A       14%         1
 Blink                    Tloc           4%         N/A       21%         2
 Ice Form                 Ice/Tmut       25%        N/A       26%         4
 Confusing Touch          Hex            2%         N/A       38%         3
 Inner Flame              Hex/Fire       2%         N/A       38%         3
 Vampiric Draining        Necr           2%         2d6       38%         3
 Airstrike                Air            1%         2d(1-17)  80%         4
 Manifold Assault         Tloc           2%         N/A       80%         4
 Summon Lightning Spire   Summ/Air       2%         N/A       80%         4
 Summon Forest            Summ/Tloc      1%         N/A       98%         5
 Eringya's Noxious Bog    Tmut/Pois      1%         N/A       100%        6
 Storm Form               Tmut/Air       1%         N/A       100%        7
 Summon Hydra             Summ           1%         N/A       100%        7
 Simulacrum               Ice/Necr       Unusable   N/A       N/A         6

Dungeon Overview and Level Annotations

Branches:
Dungeon (10/15)            Temple (1/1) D:5            Lair (3/5) D:9
 Spider (0/4) Lair:2          Orc (2/2) D:9             Elf (0/3) Orc:2
  Sewer (visited)
  Swamp: Lair:2-3    Shoals: Lair:2-3

Altars:
Ashenzari
Cheibriados
Dithmenos
Elyvilon
Fedhas
Gozag
Kikubaaqudgha
Makhleb
Nemelex Xobeh
Okawaru
Qazlal
Ru
Sif Muna
Trog
Uskayaw
Wu Jian
Xom
Yredelemnul
Zin
The Shining One

Shops:
D:1 ?   D:3 :   D:6 [

Annotations:
Lair:2 3 runed translucent doors, exclusion: oklob plant, tensugalgo's ghost, journeyman GnCA


Innate Abilities, Weirdness & Mutations

You have a beak for a mouth.
You have claws for feet.
Your magical nature lets you fly swiftly and evasively.


Message History

The eight-headed hydra bites you.
You block the eight-headed hydra's attack.
The eight-headed hydra barely misses you.
The eight-headed hydra bites you but does no damage.
The eight-headed hydra misses you.
You block the eight-headed hydra's attack.
The eight-headed hydra closely misses you.
The black mamba completely misses you. The elephant tramples you.
You are shoved backwards!
As you read the scroll of fear, it crumbles to dust.
You assume a fearsome visage.
The eight-headed hydra resists with some effort.
The black mamba looks frightened!
The black bear looks frightened!
The elephant looks frightened!
You feel very sick. The eight-headed hydra bites you!
You block the eight-headed hydra's attack.
The eight-headed hydra bites you but does no damage.
The eight-headed hydra bites you! x2
* * * LOW HITPOINT WARNING * * *
You block the eight-headed hydra's attack.
The eight-headed hydra bites you but does no damage.
You block the eight-headed hydra's attack.
Okay, then.
Okay, then.
As you read the scroll of teleportation, it crumbles to dust.
You feel strangely unstable.
You feel very sick. The eight-headed hydra bites you.
* * * LOW HITPOINT WARNING * * *
The eight-headed hydra misses you.
The eight-headed hydra closely misses you.
The eight-headed hydra completely misses you.
The eight-headed hydra bites you but does no damage.
The eight-headed hydra bites you.
* * * LOW HITPOINT WARNING * * *
The eight-headed hydra closely misses you.
The eight-headed hydra bites you!
You die...
Your body crumbles into a pile of gold.

#...P## .#
##....... ...
##......#
...###....S[.##
..............#
.....h.......#
.......Y!...#
>......<...#
.......@D.##
....#.....# ...
#P..##.# #
###.# ## ###


You could see an eight-headed hydra, an elephant (fleeing), a black mamba
(fleeing) and a black bear (fleeing).

Vanquished Creatures
  Harold (Lair:2)
  2 hydras
  Erica (D:9)
  Amaemon (D:8)
  2 oklob plants (Lair:1)
  2 elephants (Lair:1)
  A black mamba (Lair:1)
  An orange demon (D:8)
  4 cane toads
  3 komodo dragons
  A meliai (Lair:2)
  A hornet (D:9)
  4 blink frogs (Lair:1)
  A wyvern (Lair:2)
  19 yaks
  Grum (D:9)
  A basilisk (Lair:2)
  A vampire mosquito (D:9)
  Edmund (D:6)
  Menkaure (D:6)
  3 swamp worms (D:7)
  6 water moccasins
  2 orc warriors
  An ice beast (D:7)
  2 black bears (D:9)
  A sky beast (D:8)
  An ogre (Orc:2)
  6 wolves
  3 centaurs
  A phantom (D:5)
  11 bullfrogs
  3 scorpions
  3 wights (D:9)
  11 killer bees
  5 howler monkeys
  2 hounds
  4 orc priests
  2 jellies
  2 iguanas
  2 sleepcaps
  Ijyb (D:3)
  5 orc wizards
  3 gnolls (D:5)
  6 river rats (Sewer)
  14 adders
  4 white imps
  A dart slug (D:3)
  19 orcs
  22 ball pythons
  9 endoplasms
  5 giant cockroaches
  14 goblins
  4 hobgoblins
  12 jackals
  16 kobolds
  3 quokkas
  A bat (D:2)
  2 frilled lizards (Sewer)
  24 rats
285 creatures vanquished.

Notes
Turn   | Place    | Note
-------+----------+-------------------------------------------
     0 | D:1      | Essalna the Tengu Conjurer began the quest for the Orb.
     0 | D:1      | Reached XP level 1. HP: 10/10 MP: 4/4
   158 | D:1      | Found Dafug's Magic Scroll Emporium.
   164 | D:1      | Reached skill level 1 in Fighting
   164 | D:1      | Reached XP level 2. HP: 16/16 MP: 1/6
   400 | D:1      | Reached XP level 3. HP: 16/20 MP: 0/7
   475 | D:1      | Found a faded altar of an unknown god.
   541 | D:1      | Reached skill level 6 in Conjurations
   844 | D:1      | Learned a level 2 spell: Searing Ray
  1020 | D:2      | You fall into a shaft and drop 2 floors!
  1065 | D:3      | Reached XP level 4. HP: 26/26 MP: 2/8
  1079 | D:3      | Found Pukhliti's Book Shop.
  1185 | D:3      | Found a glowing drain.
  1194 | Sewer    | Entered a sewer
  1319 | Sewer    | Reached skill level 1 in Armour
  1397 | Sewer    | Gained mutation: Your magical nature lets you fly swiftly
                  | and evasively. [Tengu growth]
  1397 | Sewer    | Reached XP level 5. HP: 31/31 MP: 3/9
  1762 | Sewer    | Identified the +0 scale mail of Tenu {-Cast +Blink rC+}
  2079 | Sewer    | Reached skill level 7 in Conjurations
  2079 | Sewer    | Reached XP level 6. HP: 29/37 MP: 2/10
  2273 | D:3      | Noticed Ijyb
  2283 | D:3      | Killed Ijyb
  3133 | D:3      | Identified the +7 flail "Poggaer" {freeze, rElec rF- Dex+3}
  3724 | D:4      | Reached XP level 7. HP: 41/41 MP: 9/11
  4017 | D:4      | Found a broken altar of Ashenzari.
  4502 | D:5      | Entered Level 5 of the Dungeon
  5058 | D:5      | Reached skill level 8 in Conjurations
  5230 | D:5      | Found a blossoming altar of Fedhas.
  5412 | D:5      | Found a snail-covered altar of Cheibriados.
  5691 | D:5      | Found a staircase to the Ecumenical Temple.
  5700 | Temple   | Entered the Ecumenical Temple
  5760 | D:5      | Reached XP level 8. HP: 47/48 MP: 5/12
  6065 | D:6      | Noticed Menkaure
  6072 | D:6      | Killed Menkaure
  6073 | D:6      | Reached skill level 5 in Dodging
  6163 | D:6      | Noticed Edmund
  6168 | D:6      | Killed Edmund
  6369 | D:6      | Found a shadowy altar of Dithmenos.
  6382 | D:6      | Reached skill level 5 in Fighting
  6506 | D:6      | Found Viupnyom's Antique Armour Boutique.
  6514 | D:6      | Bought a shiny buckler for 217 gold pieces
  6791 | D:6      | Found a shimmering blue altar of Sif Muna.
  6793 | D:6      | Found a glowing silver altar of Zin.
  6793 | D:6      | Found a shimmering altar of Xom.
  6795 | D:6      | Found a broken altar of Ashenzari.
  6795 | D:6      | Found a sparkling altar of Nemelex Xobeh.
  6795 | D:6      | Found an ancient bone altar of Kikubaaqudgha.
  6901 | D:7      | Reached skill level 5 in Armour
  7126 | D:7      | Reached skill level 1 in Shields
  7126 | D:7      | Reached skill level 9 in Conjurations
  7452 | D:7      | Reached XP level 9. HP: 51/54 MP: 3/13
  7566 | D:7      | Found an opulent altar of Gozag.
  7891 | D:8      | Noticed an orange demon
  7892 | D:8      | Noticed Amaemon
  7903 | D:8      | Killed an orange demon
  8086 | D:8      | Killed Amaemon
  8087 | D:8      | Reached skill level 10 in Conjurations
  8273 | D:8      | Noticed a +0 dagger
  8274 | D:8      | Noticed a +0 dagger
  8279 | D:8      | Found a hide-covered altar of Uskayaw.
  8282 | D:8      | Noticed Erica
  8319 | D:9      | HP: 1/56 [something/lance of force (28)]
  8330 | D:9      | Killed Erica
  8331 | D:9      | Reached skill level 11 in Conjurations
  8331 | D:9      | Reached XP level 10. HP: 32/63 MP: 1/14
  9650 | D:9      | Reached skill level 12 in Conjurations
  9932 | D:9      | Noticed Grum
  9945 | D:9      | Killed Grum
 10099 | D:9      | Found a staircase to the Lair.
 10262 | D:9      | Reached XP level 11. HP: 69/69 MP: 8/15
 10787 | D:9      | Found a staircase to the Orcish Mines.
 10909 | D:10     | Entered Level 10 of the Dungeon
 11080 | Lair:1   | Entered Level 1 of the Lair of Beasts
 11410 | D:7      | Became a worshipper of Gozag Ym Sagoz the Greedy
 11517 | Lair:1   | Noticed an oklob plant
 11722 | Lair:1   | Killed an oklob plant
 11723 | Lair:1   | Reached skill level 10 in Dodging
 11723 | Lair:1   | Reached skill level 13 in Conjurations
 12503 | Lair:1   | Noticed a five-headed hydra
 12903 | Orc:1    | Entered Level 1 of the Orcish Mines
 12903 | Orc:1    | You are sucked into a shaft and drop 1 floor!
 12903 | Orc:2    | Entered Level 2 of the Orcish Mines
 13316 | D:3      | Bought Ozocubu's Autobiography for 312 gold pieces
 13459 | Lair:1   | Learned a level 7 spell: Ozocubu's Refrigeration
 13679 | Lair:1   | Found a blossoming altar of Fedhas.
 13693 | Lair:1   | Noticed an oklob plant
 13698 | Lair:1   | Killed an oklob plant
 13699 | Lair:1   | Reached skill level 10 in Fighting
 13699 | Lair:1   | Reached skill level 1 in Ice Magic
 13769 | Lair:1   | Killed a five-headed hydra
 14383 | Lair:2   | Noticed an oklob plant
 14545 | Lair:2   | Noticed a six-headed hydra
 14553 | Lair:2   | Killed a six-headed hydra
 14554 | Lair:2   | Reached skill level 5 in Ice Magic
 14554 | Lair:2   | Reached XP level 12. HP: 77/77 MP: 8/16
 14749 | Lair:2   | Noticed Harold
 15025 | Lair:2   | Found a hole to the Spider Nest.
 15937 | Lair:2   | Found a runed translucent gate.
 15937 | Lair:2   | Found a runed translucent gate.
 15937 | Lair:2   | Found a runed translucent gate.
 15937 | Lair:2   | Noticed tensugalgo's ghost (journeyman GnCA)
 16130 | Lair:3   | Noticed an eight-headed hydra
 16151 | Lair:2   | Killed Harold
 16200 | Lair:3   | Slain by an eight-headed hydra

Illustrated notes

Levels and vault maps discovered:
D:1:      shiori_arrival_oz, layout_rooms,
          hellmonk_ecumenical_altar_leap_of_faith, serial_shops,
          nicolae_shop_advertising_works [nicolae_subvault_shop_adworks]
D:2:      layout_rooms
D:3:      kennysheep_the_goblin_king, layout_loops_ring, portal_sewer_entry_d,
          serial_shops, shop
D:4:      layout_gridville, kennysheep_little_box, uniq_ijyb
D:5:      layout_gridville, mainiacjoe_overflow_alcove_1,
          mainiacjoe_overflow_concentric_impassable,
          minmay_temple_entry_poolview
D:6:      layout_rooms, doesnt_xom_only_xom, old_standard_altar, serial_shops,
          nicolae_shop_peninsula, uniq_edmund, uniq_menkaure
D:7:      layout_loops_corners, lemuel_tele_altar, minmay_strange_pillars,
          minivault_22, worms_lemuel
D:8:      layout_basic, dancing_weapons_uskayaw, uniq_erica, uniq_amaemon
D:9:      layout_grid_maze, grunt_lair_entry_orc_guard_hut, orc_0_dummy,
          uniq_grum
D:10:     layout_loops_ring, mainiacjoe_overflow_24_doors, fiery_altar_vehumet
Temple:   nicolae_temple_ecumenical_triangle
Lair:1:   layout_cave_pods, minmay_lair_oklob_items, tgw_fedhas
Lair:2:   layout_layer_cave, hellmonk_spider_entry_not_the_bees,
          gammafunk_ghost_necromancy, beast_lair_carwin_11, grunt_megastairs_4,
          lemuel_fruit_tree, uniq_harold
Lair:3:   nzn_winding_woodlands_three_and_one
          [nzn_winding_woodlands_5x15_pathside_ponds,
          nzn_winding_woodlands_5x15_split_checker,
          nzn_winding_woodlands_5x15_garden,
          nzn_winding_woodlands_center_diamonds], layout_gridlike,
          nicolae_swamp_entry_spooky, minmay_hedge_maze, uniq_gastronok,
          uniq_urug
Orc:1:    layout_caves
Orc:2:    st_orc_elflike, layout_diamond_mine, serial_shops,
          nicolae_shop_tiny_statue_garden

Skill      XL: |  1  2  3  4  5  6  7  8  9 10 11 12 |
---------------+-------------------------------------+-----
Fighting       | 1 2 3 4 5 7 8 10 | 10.0
Conjurations   | 6 7 8 9 11 12 13 | 13.6
Armour         | 1 2 3 4 5 |  5.0
Dodging        | 3 4 6 7 9 10 | 10.6
Shields        | 2 4 |  4.0
Ice Magic      | 5 8 |  8.1
Stealth        | |  2.0
Spellcasting   | |  2.0

Action                     |  1- 3 |  4- 6 |  7- 9 | 10-12 || total
---------------------------+-------+-------+-------+-------++-------
  Melee: Unarmed           |    25 |    54 |    17 |       ||    96
         Kick              |     8 |    11 |    13 |    79 ||   111
         Peck              |     3 |     7 |     9 |    63 ||    82
         Punch             |     1 |     1 |     1 |       ||     3
         Flail             |       |       |     6 |       ||     6
         Short sword       |       |       |    28 |   181 ||   209
   Cast: Magic Dart        |    60 |   140 |   162 |   189 ||   551
         Searing Ray       |       |     4 |    20 |    76 ||   100
  Evoke: Wand              |       |       |     5 |    21 ||    26
    Use: Scroll            |     3 |     5 |     5 |     6 ||    19
         Potion            |       |       |     7 |     1 ||     8
   Stab: Sleeping          |       |       |     1 |       ||     1
 Armour: Robe              |     9 |    16 |    35 |    65 ||   125
  Dodge: Dodged            |    26 |    58 |    89 |   356 ||   529
  Block: Buckler           |       |       |    28 |   117 ||   145

Table legend: (Time is in decaauts)
 A = Elapsed time spent in this place.
 B = Non-inter-level travel time spent in this place.
 C = Inter-level travel time spent in this place.
 D = Time resting spent in this place.
 E = Time spent auto-exploring this place.
 F = Levels seen in this place.
 G = Mean time per level.
                   A        B        C        D        E       F      G
               +--------+--------+--------+--------+--------+-----+--------+
         Total |  15513 |  14006 |   1507 |    510 |  11006 |  17 |  912.5 |
       Dungeon |  10403 |   9143 |   1260 |    245 |   7395 |  10 | 1040.3 |
        Temple |     39 |     24 |     15 |      0 |     16 |   1 |   39.0 |
          Lair |   3815 |   3593 |    222 |    265 |   2600 |   3 | 1271.7 |
  Orcish Mines |    222 |    213 |      9 |      0 |    126 |   2 |  111.0 |
         Sewer |   1032 |   1032 |      0 |      0 |    868 |   1 | 1032.0 |
               +--------+--------+--------+--------+--------+-----+--------+

Top non-repeatable levels by time:
  Lair:1: 2307 daAuts
     D:9: 1769 daAuts
     D:8: 1506 daAuts
  Lair:2: 1501 daAuts
     D:5: 1447 daAuts
     D:7: 1306 daAuts
     D:3: 1167 daAuts
   Sewer: 1032 daAuts
     D:4: 960 daAuts
     D:1: 892 daAuts
     D:6: 810 daAuts
     D:2: 541 daAuts
   Orc:2: 202 daAuts
  Temple: 39 daAuts
   Orc:1: 20 daAuts
